 Dungeon Crawl Stone Soup version 0.29.1-13-g9f3cf754e1 (webtiles) character file.

Game seed: 11279306794389882695

9924 cheesebisquit the Skirmisher (level 11, -7/102 HPs)
             Began as a Minotaur Hunter on Jan 30, 2023.
             Was a High Priest of Okawaru.
             Mangled by a seven-headed hydra (11 damage)
             ... on level 11 of the Dungeon.
             The game lasted 00:35:12 (10607 turns).

cheesebisquit the Skirmisher (Minotaur Hunter)     Turns: 10607, Time: 00:35:12

Health: -7/102     AC: 11    Str: 16    XL:     11   Next: 29%
Magic:  10/10      EV: 18    Int:  6    God:    Okawaru [*****.]
Gold:   86         SH:  5    Dex: 20    Spells: 10/10 levels left

rFire   . . .      SeeInvis +   M - +3 arbalest
rCold   . . .      Faith    .   (shield currently unavailable)
rNeg    + . .      Spirit   .   H - +0 acid dragon scales
rPois   .          Reflect  +   (helmet restricted)
rElec   .          Harm     .   s - +0 cloak
rCorr   +          Rampage  .   q - +0 pair of gloves
Will    +....      NoCast   +   w - +2 pair of boots
Stlth   ++........              I - amulet of Zirheseggou {Reflect -Cast rN+ Regen+ Dex+2 SH+5}
HPRegen 1.07/turn               C - ring of see invisible
MPRegen 0.12/turn               K - ring of willpower

@: about to teleport
A: horns 2, retaliatory headbutt
a: Renounce Religion, Heroism, Finesse, Duel


You were on level 11 of the Dungeon.
You worshipped Okawaru.
Okawaru was extremely pleased with you.
You visited 2 branches of the dungeon, and saw 12 of its levels.
You also visited: Ossuary.

You collected 331 gold pieces.
You spent 245 gold pieces at shops.

Inventory:

Hand Weapons
 a - a +0 shortbow
 M - a +3 arbalest (weapon)
Missiles
 h - 26 poisoned darts
 p - 3 atropa-tipped darts
Armour
 c - a +0 leather armour
 n - the +1 ring mail of Unreason {rF- Regen+ Int+2}
   (You found it on level 2 of the Dungeon)

   Int:       It affects your intelligence (+2).
   rF:        It makes you vulnerable to fire.
   Regen:     It increases your rate of health regeneration.
 q - a +0 pair of gloves (worn)
 s - a +0 cloak (worn)
 w - a +2 pair of boots (worn)
 H - +0 acid dragon scales (worn)
Jewellery
 i - a ring of willpower
 u - an amulet of regeneration
 z - a +4 ring of protection
 C - a ring of see invisible (left hand)
 I - the amulet of Zirheseggou (around neck) {Reflect -Cast rN+ Regen+ Dex+2 SH+5}
   (You bought it in a shop on level 8 of the Dungeon)

   [amulet of reflection]

   It reflects blocked missile attacks.
   Dex:       It affects your dexterity (+2).
   rN:        It protects you from negative energy.
   -Cast:     It prevents spellcasting.
   Regen:     It increases your rate of health regeneration.
   SH:        It affects your SH (+5).
 K - a ring of willpower (right hand)
Wands
 F - a wand of flame (23)
Scrolls
 b - a scroll of immolation
 g - a scroll of acquirement {unknown}
 j - a scroll of vulnerability {unknown}
 k - 9 scrolls of teleportation
 t - a scroll of blinking {unknown}
 v - 3 scrolls of poison
 y - a scroll of enchant armour {unknown}
 B - a scroll of magic mapping {unknown}
Potions
 d - a potion of attraction
 e - 4 potions of brilliance
 f - 3 potions of mutation
 l - 2 potions of flight {unknown}
 m - 3 potions of might
 o - 2 potions of heal wounds
 r - 4 potions of lignification
 x - 2 potions of berserk rage {unknown}
 D - 2 potions of ambrosia {unknown}
 E - 2 potions of cancellation {unknown}
 G - a potion of invisibility


   Skills:
 + Level 11.0 Fighting
 * Level 14.3 Ranged Weapons
 + Level 10.1 Dodging
 - Level 0.7 Stealth


You had 10 spell levels left.
You didn't know any spells.
Your spell library contained the following spells:

 Spells                   Type           Power      Damage    Failure   Level
 Freeze                   Ice            0%         1d3       56%         1
 Magic Dart               Conj           0%         1d3       56%         1
 Sandblast                Erth           0%         2d4       56%         1
 Passwall                 Tmut/Erth      0%         N/A       71%         2
 Searing Ray              Conj           0%         2d4       71%         2
 Frozen Ramparts          Ice            0%         1d1       90%         3
 Ozocubu's Armour         Ice            0%         N/A       90%         3
 Stone Arrow              Conj/Erth      0%         3d7       90%         3
 Fulminant Prism          Conj/Hex       0%         3d6       100%        4
 Hailstorm                Conj/Ice       0%         3d3       100%        4
 Alistair's Intoxication  Tmut/Pois      0%         N/A       100%        5
 Borgnjor's Vile Clutch   Necr/Erth      0%         N/A       100%        5
 Eringya's Noxious Bog    Tmut/Pois      0%         N/A       100%        6
 Ozocubu's Refrigeration  Ice            0%         4d7       100%        7


Dungeon Overview and Level Annotations

Branches:
Dungeon (10/15)            Temple (1/1) D:6         Ossuary (visited)
   Lair: D:8-11         Orc: D:9-12

Altars:
Ashenzari
Cheibriados
Dithmenos
Elyvilon
Fedhas
Gozag
Hepliaklqana
Kikubaaqudgha
Makhleb
Nemelex Xobeh
Okawaru
Qazlal
Ru
Sif Muna
Trog
Uskayaw
Vehumet
Wu Jian
Yredelemnul
Zin
The Shining One

Shops:
D:6 :   D:8 *((   D:9 :

Annotations:
D:4 Dowan, Duvessa
D:5 3 runed translucent doors, shadowmeld's ghost, amateur DjTm
D:6 2 runed translucent doors, Thatpatchoflichen's ghost, weakling KoHu


Innate Abilities, Weirdness & Mutations

You have a pair of horns on your head.
You reflexively headbutt those who attack you in melee.


Message History

The seven-headed hydra barely misses you.
The seven-headed hydra bites you!
The seven-headed hydra closely misses you.
The seven-headed hydra completely misses you. x2
You block the seven-headed hydra's attack.
The seven-headed hydra closely misses you.
Okay, then.
As you read the scroll of teleportation, it crumbles to dust.
You feel strangely unstable.
The vampire mosquito completely misses you.
You furiously retaliate!
You headbutt the vampire mosquito.
You destroy the vampire mosquito!
Okawaru accepts your kill. The seven-headed hydra bites you.
The seven-headed hydra bites you! The seven-headed hydra misses you.
The seven-headed hydra barely misses you.
The seven-headed hydra bites you but does no damage.
The seven-headed hydra bites you. The seven-headed hydra bites you!
* * * LOW HITPOINT WARNING * * *
Your Fighting skill increases to level 11!
The seven-headed hydra attacks as you move away!
The seven-headed hydra barely misses you.
The seven-headed hydra closely misses you.
The seven-headed hydra bites you!
* * * LOW HITPOINT WARNING * * *
The seven-headed hydra misses you.
You block the seven-headed hydra's attack.
The seven-headed hydra misses you.
The seven-headed hydra barely misses you.
The seven-headed hydra attacks as you move away!
The seven-headed hydra completely misses you.
You furiously retaliate!
You headbutt the seven-headed hydra! The seven-headed hydra misses you.
The seven-headed hydra bites you!
* * * LOW HITPOINT WARNING * * *
You block the seven-headed hydra's attack.
The seven-headed hydra bites you!
* * * LOW HITPOINT WARNING * * *
The seven-headed hydra bites you but does no damage.
The seven-headed hydra bites you!
You die...

#[............
#.>...........
#.............
#.............
#..........)†.
#.............
############.............
.........................
......!D@................
.............############
.............#
.............#
...............
.......)........
###############.. ..


You could see a seven-headed hydra.

Vanquished Creatures
  Erolcha (D:9)
  Erica (D:9)
  Amaemon (D:8)
  An orange demon (D:9)
  Maggie (D:7)
  2 komodo dragons
  Prince Ribbit (D:6)
  2 trolls (D:9)
  A hornet (shapeshifter) (D:11)
  A wraith (D:11)
  2 shadows
  A wyvern (D:9)
  6 yaks
  2 steam dragons
  Grum (D:11)
  5 vampire mosquitoes (D:11)
  2 water moccasins
  3 orc warriors
  3 wolves (D:11)
  4 centaurs
  An ogre (D:6)
  4 phantoms
  A necrophage (D:6)
  2 kobold brigands
  3 scorpions
  4 bullfrogs
  3 killer bees (D:11)
  2 howler monkeys (D:7)
  6 orc priests
  Crazy Yiuf (D:2)
  3 hounds
  3 gnoll boudas
  3 jellies
  5 iguanas
  Jessica (D:2)
  15 orc wizards
  3 mummies (Ossuary)
  25 gnolls
  2 adders
  A shadow imp (D:6)
  2 white imps
  3 adder zombies (Ossuary)
  2 worms (D:2)
  3 dart slugs
  23 orcs
  6 ball pythons
  11 endoplasms
  5 giant cockroaches
  A gnoll zombie (Ossuary)
  6 goblins
  A hobgoblin (D:2)
  3 jackals (D:2)
  5 quokkas
  5 bats
  6 frilled lizards (D:7)
  6 goblin zombies (Ossuary)
  A hobgoblin zombie (Ossuary)
  15 kobolds
  A kobold zombie (Ossuary)
  An orc zombie (Ossuary)
  3 quokka zombies (Ossuary)
  8 rats
  2 rat zombies (Ossuary)
248 creatures vanquished.

Vanquished Creatures (others)
  A kobold brigand (D:9)
  7 plants
8 creatures vanquished.

Grand Total: 256 creatures vanquished

Notes
Turn   | Place    | Note
-------+----------+-------------------------------------------
     0 | D:1      | cheesebisquit the Minotaur Hunter began the quest for the
                  | Orb.
     0 | D:1      | Reached XP level 1. HP: 18/18 MP: 0/0
   306 | D:1      | Reached XP level 2. HP: 25/25 MP: 1/1
   838 | D:2      | Noticed Jessica
   842 | D:2      | Killed Jessica
   843 | D:2      | Reached skill level 5 in Ranged Weapons
   843 | D:2      | Reached XP level 3. HP: 31/31 MP: 2/2
   860 | D:2      | Identified the +1 ring mail of Unreason {rF- Regen+ Int+2}
  1244 | D:2      | Reached XP level 4. HP: 38/38 MP: 3/3
  1915 | D:2      | Found a runed translucent door.
  1916 | D:2      | Noticed Crazy Yiuf
  1989 | D:2      | Killed Crazy Yiuf
  2239 | D:3      | Reached XP level 5. HP: 44/46 MP: 4/4
  2409 | D:3      | Noticed an eye of devastation
  2411 | D:3      | Found a faded altar of an unknown god.
  2427 | D:3      | Noticed a floating eye
  2431 | D:3      | Noticed a great orb of eyes
  2431 | D:3      | Noticed an eye of devastation
  2491 | D:3      | Reached skill level 6 in Ranged Weapons
  2673 | D:4      | Noticed a phantom
  2686 | D:4      | Killed a phantom
  2687 | D:4      | Reached XP level 6. HP: 52/53 MP: 5/5
  2769 | D:4      | Noticed an orc warrior
  2938 | D:4      | Reached skill level 7 in Ranged Weapons
  3127 | D:4      | Killed an orc warrior
  3128 | D:4      | Reached skill level 5 in Fighting
  3128 | D:4      | Reached XP level 7. HP: 38/61 MP: 6/6
  3295 | D:4      | Noticed Duvessa
  3325 | D:4      | Noticed Dowan
  3580 | D:5      | Entered Level 5 of the Dungeon
  3714 | D:5      | Found a runed translucent gate.
  3714 | D:5      | Found a runed translucent gate.
  3714 | D:5      | Noticed shadowmeld's ghost (amateur DjTm)
  3715 | D:5      | Identified the +2 ring mail of Filth {Drain rElec rF++
                  | rCorr}
  3763 | D:5      | Reached skill level 5 in Dodging
  3773 | D:5      | Reached skill level 8 in Ranged Weapons
  3973 | D:5      | Found a glowing silver altar of Zin.
  3974 | D:5      | Found a broken altar of Ashenzari.
  4322 | D:5      | Found a runed translucent gate.
  4470 | D:5      | Found a broken altar of Ashenzari.
  4475 | D:5      | Found a glowing silver altar of Zin.
  5137 | D:6      | Found Upiyw's Tremendous Tomes.
  5194 | D:6      | Found a runed translucent door.
  5194 | D:6      | Noticed Thatpatchoflichen's ghost (weakling KoHu)
  5209 | D:6      | Reached XP level 8. HP: 70/70 MP: 7/7
  5242 | D:6      | Reached skill level 9 in Ranged Weapons
  5966 | D:6      | Found a staircase to the Ecumenical Temple.
  5987 | Temple   | Entered the Ecumenical Temple
  6073 | Temple   | Became a worshipper of Warmaster Okawaru
  6142 | D:6      | Noticed Prince Ribbit
  6155 | D:6      | Killed Prince Ribbit
  6254 | D:6      | Found a runed translucent door.
  6355 | D:6      | Reached skill level 10 in Ranged Weapons
  6553 | D:7      | Found a sand-covered staircase.
  6559 | Ossuary  | Entered an ossuary
  6572 | Ossuary  | Reached XP level 9. HP: 79/79 MP: 8/8
  6768 | D:7      | Noticed a komodo dragon
  6879 | D:7      | Reached * piety under Okawaru
  7101 | D:7      | Killed a komodo dragon
  7207 | D:7      | Reached skill level 11 in Ranged Weapons
  7343 | D:7      | Noticed Maggie
  7366 | D:7      | Killed Maggie
  7856 | D:8      | Found Judov's Assorted Antiques.
  7860 | D:8      | Bought an ancient zirconium amulet for 175 gold pieces
  7860 | D:8      | Identified the amulet of Zirheseggou {Reflect -Cast rN+
                  | Regen+ Dex+2 SH+5} (You bought it in a shop on level 8 of
                  | the Dungeon)
  7967 | D:8      | Found Rysext's Weapon Shop.
  8028 | D:8      | Reached ** piety under Okawaru
  8236 | D:8      | Found Tinovame's Weapon Shoppe.
  9020 | D:8      | Bought a scroll of identify for 70 gold pieces
  9042 | D:9      | Reached skill level 12 in Ranged Weapons
  9042 | D:9      | Reached XP level 10. HP: 91/91 MP: 9/9
  9042 | D:9      | Found Ogomenask's Book Shoppe.
  9065 | D:9      | Noticed Amaemon
  9065 | D:9      | Noticed an orange demon
  9092 | D:8      | Killed Amaemon
  9229 | D:9      | Killed an orange demon
  9229 | D:9      | Reached *** piety under Okawaru
  9558 | D:9      | Reached skill level 13 in Ranged Weapons
  9714 | D:9      | Noticed Erica
  9720 | D:9      | Killed Erica
  9720 | D:9      | Reached **** piety under Okawaru
  9721 | D:9      | Reached skill level 10 in Fighting
  9851 | D:9      | Noticed Erolcha
  9859 | D:9      | Killed Erolcha
  9897 | D:9      | Found a shimmering blue altar of Sif Muna.
  9976 | D:10     | Entered Level 10 of the Dungeon
 10144 | D:10     | Reached XP level 11. HP: 94/101 MP: 8/10
 10179 | D:10     | You fall into a shaft and drop 1 floor!
 10204 | D:11     | Reached ***** piety under Okawaru
 10395 | D:11     | Noticed Grum
 10399 | D:11     | Killed Grum
 10511 | D:11     | Reached skill level 14 in Ranged Weapons
 10552 | D:11     | Reached skill level 10 in Dodging
 10598 | D:11     | Noticed a seven-headed hydra
 10607 | D:11     | HP: 4/102 [seven-headed hydra (7)]
 10607 | D:11     | Mangled by a seven-headed hydra

Illustrated notes

Levels and vault maps discovered:
D:1:      scummos_arrival_hexagon, layout_basic, minivault_19,
          due_unseen_surprise
D:2:      minmay_door_path, layout_basic, uniq_crazy_yiuf_cottage, uniq_jessica
D:3:      layout_loops_cross, hellmonk_ecumenical_altar_watching_god
D:4:      layout_loops_cross, kennysheep_nub, uniq_duvessa
D:5:      layout_loops_ring, grunt_temple_overflow_open,
          biasface_ghost_orc_armoury, grunt_decor_resistance
D:6:      layout_cave_pods, minmay_temple_entry_waves, ebering_ghost_sewer_f,
          nicolae_shop_i_like_big_books, st_stairs_2, uniq_prince_ribbit1
D:7:      layout_gridville, nicolae_ossuary_entry_plus, minmay_lizard_king,
          uniq_maggie
D:8:      layout_layer_cave, serial_shops, nicolae_shop_hallway_stairs,
          nicolae_shop_trees, nicolae_shop_bloodbath_and_beyond
D:9:      layout_irregular_city, lemuel_blue_sif_altar, serial_column_ruins,
          column_ruins_hut, column_ruins_courtyard_long, column_ruins_grid_1,
          column_ruins_grid_2, column_ruins_columns_corner,
          column_ruins_corridor_T, column_ruins_open_tiny,
          column_ruins_corridor_plus, serial_shops, nicolae_shop_behind_doors,
          minmay_puff, uniq_erica, uniq_erolcha, uniq_amaemon
D:10:     layout_layer_cave, mainiacjoe_overflow_alcove_4,
          erik_lair_orcish_takeover, orc_david_3, dreamdust_mushroom_princess
D:11:     layout_long_grid, serial_bayou_pond_e, uniq_grum
Temple:   compressed_dpeg_circular_temple

Skill      XL: |  1  2  3  4  5  6  7  8  9 10 11 |
---------------+----------------------------------+-----
Fighting       | 3 4 5 6 7 9 10 11 | 11.0
Ranged Weapons | 5 6 7 8 10 12 13 14 | 14.3
Dodging        | 3 4 5 6 8 9 10 | 10.1
Stealth        | |  0.7

Action                   |  1- 3 |  4- 6 |  7- 9 | 10-12 || total
-------------------------+-------+-------+-------+-------++-------
Melee: Shortbow          |       |       |     1 |       ||     1
 Fire: Shortbow          |    77 |   208 |   542 |       ||   827
       Arbalest          |       |       |     2 |   153 ||   155
Throw: Dart              |       |       |       |     2 ||     2
Invok: Heroism           |       |       |       |     2 ||     2
Evoke: Wand              |       |       |       |    12 ||    12
  Use: Scroll            |       |     5 |    10 |     6 ||    21
       Potion            |       |     1 |     5 |     6 ||    12
Armor: Leather armour    |     3 |     3 |       |       ||     6
       Ring mail         |       |    34 |   104 |       ||   138
       Acid dragon scale |       |       |     4 |    26 ||    30
Dodge: Dodged            |    20 |    78 |   214 |   102 ||   414
Block: Other             |       |       |     4 |    29 ||    33
       Reflection        |       |       |     1 |     1 ||     2
